 Dungeon Crawl Stone Soup version 0.24-a0-230-g536ed4e33c (webtiles) character file.

Game seed: 1765601072832809986

4064 Redear the Ducker (level 10, -3/63 HPs)
             Began as an Octopode Fighter on Apr 3, 2019.
             Was a Follower of Zin.
             Slain by a centaur (5 damage)
             ... on level 9 of the Dungeon.
             The game lasted 00:55:25 (9158 turns).

Redear the Ducker (Octopode Fighter)                Turns: 9158, Time: 00:55:26

Health: -3/63      AC:  1    Str: 20    XL:     10   Next: 25%
Magic:  9/10       EV: 18    Int: 11    God:    Zin [*.....]
Gold:   269        SH:  0    Dex: 16    Spells: 5/9 levels left

rFire    . . .     SeeInvis .   B - +2 dagger (venom)
rCold    + . .     Gourm    .   (no shield)
rNeg     + . .     Faith    .   (helmet restricted)
rPois    +         Spirit   .   (no amulet)
rElec    .         Reflect  .   I - ring of protection from cold
rCorr    .         Harm     .   h - +2 ring of dexterity
MR       .....                  N - ring of positive energy {rN+}
Stlth    ++++......             (no ring)
HPRegen  0.20/turn              (no ring)
MPRegen  0.12/turn              (no ring)
                                (no ring)
                                (no ring)

@: confusing touch
A: almost no armour, stealthy swim, amphibious, 8 rings, constrict 8, antennae
1, camouflage 1, blurry vision 1, frail 1, poison resistance, strong 2,
gelatinous body 1
a: Recite, Donate Gold, Renounce Religion


You were on level 9 of the Dungeon.
You worshipped Zin.
Zin was aware of your devotion.
You were very hungry.

You visited 2 branches of the dungeon, and saw 10 of its levels.
You also visited: Sewer.

You collected 538 gold pieces.
You spent 240 gold pieces at shops.
You donated 29 gold pieces to Zin.

Inventory:

Hand Weapons
 a - a +0 long sword
 b - a +0 blowgun
 c - a +0 great sword of distortion
 k - a +0 hunting sling
 B - a +2 dagger of venom (weapon)
 F - a cursed -3 hand axe
 J - a +0 short sword
 P - a +4 dagger
Missiles
 i - a throwing net {=f}
 j - 82 sling bullets
 m - 257 stones (quivered)
 s - 24 poisoned needles
 G - 168 arrows
 Q - 22 bolts
 R - 3 poisoned tomahawks
 S - 2 tomahawks of dispersal
Armour
 K - a +0 shield
Jewellery
 h - a +2 ring of dexterity (right tentacle)
 I - a ring of protection from cold (left tentacle)
 M - an uncursed ring of ice {unknown}
 N - a ring of positive energy (on tentacle) {rN+}
Wands
 d - a wand of disintegration (7)
 D - a wand of digging (5)
Scrolls
 e - a scroll of fear
 f - 2 scrolls of noise {!r}
 g - a scroll of immolation {!r}
 l - a scroll of enchant armour
 n - 2 scrolls of random uselessness
 p - 9 scrolls of remove curse
 q - a scroll of silence
 v - 3 scrolls of teleportation
 w - a scroll of enchant weapon {unknown}
 z - 2 scrolls of amnesia {unknown}
 C - 2 scrolls of summoning
Potions
 o - a potion of haste {unknown}
 r - 2 potions of heal wounds {unknown}
 t - 2 potions of lignification {!q}
 u - a potion of might
 x - a potion of cancellation {unknown}
 A - 2 potions of degeneration {unknown}
 E - a potion of agility {unknown}
 L - a potion of resistance {unknown}
 O - a potion of magic {unknown}
Comestibles
 y - 21 rations


   Skills:
 + Level 7.3 Fighting
 + Level 7.0 Long Blades
 + Level 7.3 Dodging
 - Level 6.0 Stealth
 + Level 7.3 Shields
 + Level 3.3 Hexes


You had 5 spell levels left.
You knew the following spells:

 Your Spells              Type           Power        Failure   Level  Hunger
b - Blink                 Tloc           N/A          47%         2    ###....
q - Confusing Touch       Hex            #.....       10%         1    ##.....
A - Animate Skeleton      Necr           N/A          34%         1    ##.....

Your spell library contained the following spells:

 Spells                   Type           Power        Failure   Level  Hunger
 Slow                     Hex            #.......     14%         2    ###....
 Confuse                  Hex            #.......     28%         3    ####...
 Apportation              Tloc           #.....       34%         1    ##.....
 Magic Dart               Conj           #...         34%         1    ##.....
 Summon Small Mammal      Summ           #...         34%         1    ##.....
 Call Imp                 Summ           #.......     47%         2    ###....
 Summon Guardian Golem    Hex/Summ       #.......     50%         3    ####...
 Call Canine Familiar     Summ           #.......     71%         3    ####...
 Conjure Flame            Conj/Fire      #.......     71%         3    ####...
 Gell's Gravitas          Tloc           #.........   71%         3    ####...
 Mephitic Cloud           Conj/Pois/Air  #.......     71%         3    ####...
 Petrify                  Tmut/Erth      #.......     98%         4    #####..
 Summon Ice Beast         Ice/Summ       #.......     98%         4    #####..
 Summon Lightning Spire   Summ/Air       #.......     98%         4    #####..
 Metabolic Englaciation   Hex/Ice        #.........   99%         5    ######.
 Yara's Violent Unravell  Hex/Tmut       #.........   99%         5    ######.


Dungeon Overview and Level Annotations

Branches:
Dungeon (9/15)             Temple (1/1) D:4
   Lair: D:8-11         Orc: D:9-12

Altars:
Ashenzari
Cheibriados
Dithmenos
Elyvilon
Fedhas
Gozag
Hepliaklqana
Kikubaaqudgha
Makhleb
Nemelex Xobeh
Okawaru
Ru
Sif Muna
Trog
Uskayaw
Vehumet
Wu Jian
Xom
Yredelemnul
Zin
The Shining One

Shops:
D:6 *   D:7 ?


Innate Abilities, Weirdness & Mutations

You cannot wear most types of armour.
You are very stealthy in the water. (Stealth+)
You are amphibious.
You can wear up to eight rings at the same time.
You can use your tentacles to constrict eight enemies at once.
Your skin changes colour to match your surroundings (Stealth+).
Your rubbery body absorbs attacks. (AC +1, EV +1)
You have a pair of small antennae on your head.
Scrolls take you a little longer to read.
You are frail. (-10% HP)
Your system is resistant to poisons. (rPois)
Your muscles are very strong. (Str +4)


Message History

Okay, then.
Okay, then.
Here: a centaur (chance to confuse on hit: 66%)
The floor.
Unknown command.
Here: a centaur (chance to confuse on hit: 66%)
The floor.
Unknown command.
Unknown command.
Okay, then.
You feel better. The centaur hits you!
* * * LOW HITPOINT WARNING * * *
You take 1 damage, and have 7/63 hp.
Unknown command.
You hit the centaur but do no damage.
You squeeze the centaur, but do no damage.
The centaur hits you.
* * * LOW HITPOINT WARNING * * *
The centaur hits you.
You die...

#.#.#..##
#.#.#..#
#.#.#..#
#.#.#..#
#.#....#
#.#.#.###
#......<#
####...##
#.@(...#
#c###..#
#†# #..#
#.# #..#
#.# #..#
#†# #..#
#$# ..#
#.# #.#


You could see a centaur.

Levels and vault maps discovered:
D:1:      scummos_arrival_forest, layout_basic, serial_forest,
          infiniplex_forest_pool, infiniplex_forest_end_3,
          infiniplex_forest_clump_double, infiniplex_forest_corner_1,
          infiniplex_forest_lined_2, infiniplex_forest_lined_1,
          infiniplex_forest_clump_tiny
D:2:      layout_basic, minmay_randomly_rotated_circles
D:3:      layout_basic, portal_sewer_entry_d
D:4:      layout_cave_pools, minmay_temple_entry_offerings, st_stairs_10,
          hangedman_decor_riveting, grunt_tough_drop
D:5:      layout_basic, minitemple, first_ration, kennysheep_decorative_pillar,
          nicolae_dithmenos_the_darkroom
D:6:      layout_basic, lemuel_doored_altar, lemuel_coloured_pillars_altar,
          hangedman_decor_push, minmay_misc_feat_doors,
          minmay_tree_intersection, nicolae_elemental_shop
D:7:      layout_loops_ring, serial_shops, shop, grunt_ogre_cave
D:8:      layout_loops_corners, lemuel_round_altar, zin_statuary
D:9:      layout_basic, grunt_lair_entry_orc_guard_hut, basic_altar,
          kennysheep_generic_room_12, uniq_psyche
Temple:   regret_index_temple_waves
Sewer:    sewer_frog_island_02

Notes
Turn   | Place    | Note
-------+----------+-------------------------------------------
     0 | D:1      | Redear the Octopode Fighter began the quest for the Orb.
     0 | D:1      | Reached XP level 1. HP: 16/16 MP: 1/1
    10 | D:1      | Identified a +0 club
    36 | D:1      | Identified a +0 whip
    67 | D:1      | You fall through a shaft!
    72 | D:2      | Reached skill level 1 in Stealth
    72 | D:2      | Reached XP level 2. HP: 20/21 MP: 2/2
   131 | D:2      | HP: 5/21 [adder (3)]
   132 | D:2      | Reached XP level 3. HP: 4/26 MP: 3/3
   139 | D:2      | HP: 3/26 [poisoned by an adder]
   597 | D:2      | Identified a ring of protection from cold (You found it on
                  | level 2 of the Dungeon)
   734 | D:2      | Identified a +0 dagger
   739 | D:2      | Reached skill level 2 in Stealth
  1003 | D:2      | Identified a +0 dagger
  1216 | D:2      | Identified a ring of dexterity (You found it on level 2 of
                  | the Dungeon)
  1217 | D:2      | Identified a +3 dagger (You found it on level 2 of the
                  | Dungeon)
  1339 | D:3      | Identified a cursed -2 club
  1345 | D:3      | Reached XP level 4. HP: 31/31 MP: 4/4
  1371 | D:3      | Identified a +0 whip
  1372 | D:3      | Identified a +0 whip
  1373 | D:3      | Identified a +0 spear
  1375 | D:3      | Identified a +0 club
  1375 | D:3      | Identified a +0 mace
  1375 | D:3      | Identified a +1 leather armour of cold resistance
  1375 | D:3      | Identified a +0 club
  1401 | D:3      | Identified a potion of curing
  1416 | D:3      | Reached XP level 5. HP: 14/36 MP: 5/5
  1422 | D:3      | Identified a +0 club
  1422 | D:3      | Identified a +0 chain mail
  1422 | D:3      | Identified a +0 dagger
  1422 | D:3      | Identified a cursed +0 robe
  1422 | D:3      | Identified a +0 dagger
  1422 | D:3      | Identified a +0 robe
  1532 | D:3      | Identified a +0 dagger
  1532 | D:3      | Identified a +0 robe
  1574 | D:2      | HP: 7/36 [orc/+0 mace (7)]
  1575 | D:2      | Reached skill level 3 in Stealth
  1620 | D:3      | Identified a +0 short sword
  1620 | D:3      | Identified a +0 hand axe
  1620 | D:3      | Identified a cursed +0 leather armour
  1620 | D:3      | Identified a +0 club
  1687 | D:3      | Identified a +0 dagger
  1718 | D:3      | Reached skill level 3 in Long Blades
  1783 | D:3      | HP: 9/37 [poisoned by an adder]
  1789 | D:3      | HP: 7/37 [poisoned by an adder]
  1792 | D:3      | Identified 2 scrolls of identify
  1792 | D:3      | Identified a scroll of noise
  1793 | D:3      | Identified a scroll of blinking
  1796 | D:3      | HP: 6/37 [poisoned by an adder]
  1804 | D:3      | HP: 5/37 [poisoned by an adder]
  1812 | D:3      | Reached XP level 6. HP: 7/43 MP: 6/6
  1826 | D:3      | HP: 7/43 [orc priest (2)]
  1827 | D:3      | Reached skill level 4 in Dodging
  1835 | D:3      | Reached skill level 4 in Fighting
  1835 | D:3      | Reached skill level 4 in Shields
  1870 | D:3      | Found a glowing drain.
  1880 | Sewer    | Entered a sewer
  2215 | Sewer    | Reached skill level 4 in Stealth
  2374 | Sewer    | Reached XP level 7. HP: 34/48 MP: 7/7
  2804 | D:4      | Identified a +0 club
  2828 | D:4      | Identified a +0 spear
  2844 | D:4      | Identified a +0 giant club
  2844 | D:4      | Identified a +0 flail
  2844 | D:4      | Identified a +0 spear
  2869 | D:4      | Identified a +0 halberd
  2869 | D:4      | Identified a +0 whip of electrocution
  2869 | D:4      | Identified a +0 whip
  2879 | D:3      | HP: 12/49 [leopard gecko (3)]
  2882 | D:3      | Reached skill level 4 in Long Blades
  2886 | D:3      | HP: 11/49 [poisoned by an adder]
  2894 | D:3      | HP: 10/49 [poisoned by an adder]
  3192 | D:4      | Identified a cursed +0 falchion
  3192 | D:4      | Identified a +0 dagger
  3192 | D:4      | Identified a +0 leather armour
  3196 | D:4      | Identified a +0 falchion
  3196 | D:4      | Identified a +0 chain mail
  3196 | D:4      | Identified a +0 war axe
  3196 | D:4      | Identified a +0 leather armour
  3305 | D:4      | Found a staircase to the Ecumenical Temple.
  3328 | Temple   | Entered the Ecumenical Temple
  3560 | D:4      | Identified a potion of mutation
  3560 | D:4      | Gained mutation: Your muscles are strong. (Str +2) [potion
                  | of mutation]
  3560 | D:4      | Gained mutation: Your muscles are very strong. (Str +4)
                  | [potion of mutation]
  3560 | D:4      | Gained mutation: You are frail. (-10% HP) [potion of
                  | mutation]
  3560 | D:4      | Gained mutation: Your system is resistant to poisons.
                  | (rPois) [potion of mutation]
  3568 | D:5      | Entered Level 5 of the Dungeon
  3869 | D:4      | Identified a +0 robe
  3998 | D:4      | Reached skill level 5 in Stealth
  4003 | D:4      | HP: 7/44 [gnoll/+0 halberd (11)]
  4347 | D:4      | Identified a +0 club
  4484 | D:5      | Found a deep blue altar of Sif Muna.
  4494 | D:5      | Found a bloodstained altar of Trog.
  4499 | D:5      | Found a burning altar of Makhleb.
  4719 | D:5      | Found a shadowy altar of Dithmenos.
  5154 | D:6      | Identified a +0 giant club
  5285 | D:6      | Found a sparkling altar of Nemelex Xobeh.
  5301 | D:6      | Reached XP level 8. HP: 45/48 MP: 8/8
  5430 | D:6      | Identified a +0 giant spiked club
  5439 | D:6      | Identified a ring of positive energy (You found it on level
                  | 6 of the Dungeon)
  5656 | D:6      | Found Rofaozul's Elemental Accessories.
  5752 | D:6      | Identified a +0 whip
  5755 | D:6      | Identified a +0 spear
  5955 | D:6      | Reached skill level 5 in Dodging
  5975 | D:6      | Lost mutation: You are frail. (-10% HP) [potion of
                  | mutation]
  5975 | D:6      | Gained mutation: You are frail. (-10% HP) [potion of
                  | mutation]
  5975 | D:6      | Gained mutation: Scrolls take you a little longer to read.
                  | [potion of mutation]
  5975 | D:6      | Gained mutation: You have a pair of small antennae on your
                  | head. [potion of mutation]
  5991 | D:6      | Reached skill level 5 in Fighting
  5993 | D:6      | Identified a +3 spear
  5993 | D:6      | Identified a cursed +0 ring mail
  5993 | D:6      | Identified a cursed -3 club
  6047 | D:6      | Identified 6 scrolls of remove curse
  6049 | D:6      | Identified 3 scrolls of random uselessness
  6051 | D:6      | Identified 2 scrolls of immolation
  6058 | D:6      | HP: 11/49 [ogre/+0 giant spiked club (18)]
  6064 | D:6      | Identified a +0 club
  6298 | D:6      | Learned a level 1 spell: Confusing Touch
  6350 | D:6      | Reached skill level 5 in Shields
  6449 | D:6      | Reached skill level 6 in Stealth
  6690 | D:7      | Reached skill level 5 in Long Blades
  6705 | D:7      | Found Hofuvvom's Magic Scroll Shoppe.
  6714 | D:7      | Bought a scroll of teleportation for 45 gold pieces
  6714 | D:7      | Bought a scroll of teleportation for 45 gold pieces
  6714 | D:7      | Bought a scroll of identify for 30 gold pieces
  6714 | D:7      | Bought a scroll of identify for 30 gold pieces
  6714 | D:7      | Bought a scroll of identify for 30 gold pieces
  6714 | D:7      | Bought a scroll of identify for 30 gold pieces
  6714 | D:7      | Bought a scroll of identify for 30 gold pieces
  6722 | D:7      | Identified a scroll of fear
  6724 | D:7      | Identified 2 scrolls of summoning
  6726 | D:7      | Identified a scroll of silence
  6728 | D:7      | Identified 2 potions of lignification
  6730 | D:7      | Identified a scroll of enchant armour
  6783 | D:7      | Reached XP level 9. HP: 55/55 MP: 9/9
  6822 | D:7      | Identified a +0 giant club
  6824 | D:7      | Reached skill level 6 in Fighting
  6824 | D:7      | Reached skill level 6 in Dodging
  6824 | D:7      | Reached skill level 6 in Shields
  6870 | D:7      | Identified a +0 short sword
  6875 | D:7      | Identified a cursed -1 club
  6879 | D:7      | Identified a +0 blowgun
  6880 | D:7      | Identified a +0 short sword
  7161 | D:7      | HP: 13/55 [poisoned by a water moccasin]
  7166 | D:7      | HP: 10/55 [poisoned by a water moccasin]
  7173 | D:7      | HP: 9/55 [poisoned by a water moccasin]
  7181 | D:7      | HP: 9/55 [poisoned by a water moccasin]
  7753 | D:8      | Identified a +0 giant club
  7760 | D:8      | Reached skill level 6 in Long Blades
  7835 | D:8      | Identified a +0 flail
  7835 | D:8      | Identified a +0 robe
  7835 | D:8      | Identified a +0 hand axe
  7835 | D:8      | Identified a +0 robe
  7835 | D:8      | Identified a +4 dagger
  7835 | D:8      | Identified a +0 robe
  7835 | D:8      | Identified a +0 long sword
  7835 | D:8      | Identified a +0 robe
  7835 | D:8      | Identified a cursed +0 halberd
  7835 | D:8      | Identified a +0 robe
  7880 | D:7      | Reached skill level 1 in Hexes
  8012 | D:8      | Found a glowing silver altar of Zin.
  8017 | D:8      | Became a worshipper of Zin the Law-Giver
  8017 | D:8      | Reached * piety under Zin
  8030 | D:8      | Noticed a troll
  8033 | D:8      | Killed a troll
  8033 | D:8      | Identified a +0 troll leather armour
  8164 | D:8      | Reached skill level 2 in Hexes
  8173 | D:8      | Identified a +0 dagger
  8173 | D:8      | Identified a +0 robe
  8178 | D:8      | Identified a +2 dagger of venom
  8178 | D:8      | Identified a cursed +0 robe
  8178 | D:8      | Identified a +0 dagger
  8178 | D:8      | Identified a +0 robe
  8183 | D:8      | Identified a +1 leather armour of cold resistance
  8183 | D:8      | Identified a +0 ring mail
  8234 | D:8      | Identified a +0 giant club
  8236 | D:8      | Reached skill level 7 in Fighting
  8236 | D:8      | Reached skill level 7 in Dodging
  8236 | D:8      | Reached skill level 7 in Shields
  8369 | D:8      | Learned a level 1 spell: Animate Skeleton
  8372 | D:8      | Learned a level 2 spell: Blink
  8384 | D:8      | Identified a +0 dagger
  8385 | D:8      | Identified a +0 dagger
  8388 | D:8      | Identified a +0 dagger
  8389 | D:8      | Identified a +1 dagger of venom
  8406 | D:8      | Reached XP level 10. HP: 53/63 MP: 10/10
  8434 | D:8      | Found a basalt altar of Yredelemnul.
  8573 | D:8      | Identified a +0 trident
  8573 | D:8      | Identified a +0 plate armour
  8573 | D:8      | Identified a +0 hand axe
  8573 | D:8      | Identified a +0 trident
  8573 | D:8      | Identified a +0 hand axe
  8573 | D:8      | Identified a +0 dagger
  8581 | D:8      | HP: 13/63 [orc warrior/+0 trident (4)]
  9135 | D:9      | Reached skill level 3 in Hexes
  9142 | D:9      | Identified a +0 shortbow
  9152 | D:9      | Reached skill level 7 in Long Blades
  9155 | D:9      | HP: 15/63 [centaur (9)]
  9157 | D:9      | HP: 7/63 [centaur (9)]
  9158 | D:9      | HP: 2/63 [centaur (5)]
  9158 | D:9      | Slain by a centaur

Table legend:
 A = Turns spent in this place as a percentage of turns spent in the entire game.
 B = Non-inter-level travel turns spent in this place as a percentage of non-inter-level travel turns spent in the entire game.
 C = Inter-level travel turns spent in this place as a percentage of turns spent in this place.
 D = Turns resting spent in this place as a percentage of non-inter-level travel turns spent in this place.
 E = Turns spent auto-exploring this place as a percentage of non-inter-level travel turns spent in this place.
 F = Non-inter-level travel turns spent in this place divided by the number of levels of this place that you've seen.
                   A       B       C       D       E      F
               +-------+-------+-------+-------+-------+----------------------
         Total | 100.0 | 100.0 |  10.7 |  25.0 |  28.8 | 743.1
       Dungeon |  92.8 |  92.5 |  11.0 |  24.0 |  30.4 | 840.6
        Temple |   1.3 |   0.9 |  38.0 |   0.0 |  66.7 |  75.0
         Sewer |   5.8 |   6.5 |   0.0 |  43.1 |   0.0 | 534.0
               +-------+-------+-------+-------+-------+----------------------

Table legend:
 A = Kills in this place as a percentage of kills in entire the game.
 B = Kills by you in this place as a percentage of kills by you in the entire game.
 C = Kills by friends in this place as a percentage of kills by friends in the entire game.
 D = Other kills in this place as a percentage of other kills in the entire game.
 E = Experience gained in this place as a percentage of experience gained in the entire game.
 F = Experience gained in this place divided by the number of levels of this place that you have seen.
                   A       B       C       D       E      F
               +-------+-------+-------+-------+-------+----------------------
         Total | 100.0 | 100.0 |   N/A |   N/A | 100.0 | 527.9
       Dungeon |  81.4 |  81.4 |   N/A |   N/A |  96.0 | 619.1
         Sewer |  18.6 |  18.6 |   N/A |   N/A |   4.0 | 235.0
               +-------+-------+-------+-------+-------+----------------------

Skill      XL: |  1  2  3  4  5  6  7  8  9 10 |
---------------+-------------------------------+-----
Stealth        | 1 2 3 4 5 6 |  6.0
Long Blades    | 3 4 5 6 7 |  7.0
Dodging        | 4 5 7 |  7.3
Fighting       | 4 5 7 |  7.3
Shields        | 4 5 7 |  7.3
Hexes          | 2 3 |  3.3

Action                   |  1- 3 |  4- 6 |  7- 9 | 10-12 || total
-------------------------+-------+-------+-------+-------++-------
Melee: Long sword        |    55 |       |       |       ||    55
       Constrict         |    20 |    22 |    63 |     5 ||   110
       Tentacles         |    10 |    28 |    94 |     8 ||   140
       Dagger            |     1 |   130 |   276 |    28 ||   435
Throw: Stone             |       |       |     4 |       ||     4
 Cast: Confusing Touch   |       |       |     1 |     1 ||     2
Invok: Recite            |       |       |       |     1 ||     1
Evoke: Wand              |       |       |     3 |     1 ||     4
  Use: Potion            |       |     2 |     2 |     1 ||     5
       Scroll            |       |     2 |    11 |       ||    13
 Stab: Sleeping          |     7 |    19 |    27 |     7 ||    60
       Confused          |       |       |     1 |       ||     1
  Eat: Chunk             |     1 |     4 |    12 |     1 ||    18
       Ration            |       |       |     2 |       ||     2
Armor: Skin              |    11 |     4 |     9 |       ||    24
Dodge: Dodged            |    40 |    77 |   195 |    10 ||   322
       Rpst.: Long sword |    12 |       |       |       ||    12

Vanquished Creatures
  A troll (D:8)
  4 yaks (D:9)
  2 water moccasins (D:7)
  3 ice beasts
  A sky beast (D:6)
  An orc warrior (D:8)
  A black bear (D:8)
  3 ogres
  3 big kobolds
  5 bullfrogs
  A wyvern skeleton (D:7)
  A water moccasin skeleton (D:4)
  5 wights
  4 howler monkeys
  3 crimson imps
  2 jellies
  4 orc priests
  A centaur skeleton (D:7)
  A hound (D:7)
  6 orc wizards
  A bullfrog skeleton (D:7)
  6 worker ants
  2 hound zombies
  2 hound skeletons
  A howler monkey zombie (D:7)
  15 gnolls
  A howler monkey skeleton (D:4)
  13 adders
  A shadow imp (D:7)
  9 oozes (Sewer)
  An adder zombie (D:9)
  3 worms
  2 dart slugs
  22 leopard geckos
  16 orcs
  11 giant cockroaches
  7 goblins
  2 hobgoblins (D:3)
  11 jackals
  20 kobolds
  5 quokkas
  4 ball pythons
  3 bats
  13 frilled lizards
  A jackal skeleton (D:7)
  A leopard gecko skeleton (D:7)
  6 rats
231 creatures vanquished.
